 Dungeon Sprint DCSS version 0.29-a0-721-g7f417c9bbb (webtiles) character file.

Game seed: 16113377649970612702

68407 wilfster70 the Impregnable (level 15, -8/158 HPs)
             Began as a Formicid Fighter on June 27, 2022.
             Was an Initiate of Gozag.
             Killed from afar by Sojobo (32 damage)
             ... with a bolt of lightning
             ... in the Dungeon (Sprint IX: "|||||||||||||||||||||||||||||").
             The game lasted 00:19:53 (6716 turns).

wilfster70 the Impregnable (Formicid Fighter)       Turns: 6716, Time: 00:19:53

Health: -8/158     AC: 34    Str: 22    XL:     15   Next: 70%
Magic:  15/15      EV: 12    Int: 10    God:    Gozag
Gold:   3365       SH: 34    Dex: 13    Spells: 14/14 levels left

rFire   + . .      SeeInvis +   a - +9 quarterstaff (speed)
rCold   . . .      Faith    .   l - +10 tower shield of Ignorance {rN+ Int-4}
rNeg    + + +      Spirit   .   v - +1 plate armour {rN+}
rPois   +          Reflect  .   (helmet unavailable)
rElec   .          Harm     .   k - +1 cloak
rCorr   .          Rampage  .   j - +0 pair of gloves
Will    +....                   b - +2 pair of boots {Stlth+}
Stlth   ..........              n - amulet "Anyjupha" {Acrobat rPois rN+}
HPRegen 0.36/turn               m - +2 ring of protection
MPRegen 0.14/turn               t - ring of protection from fire

@: gold aura
A: permanent stasis, dig shafts and tunnels, antennae 3, four strong arms
a: Dig, Renounce Religion, Potion Petition, Call Merchant, Bribe Branch


You were in the Dungeon.
You worshipped Gozag.
Gozag was most pleased with you.
You visited 1 branch You collected 16314 gold pieces.
You spent 4068 gold pieces at shops.
You paid 8881 gold pieces to Gozag.

Inventory:

Hand Weapons
 a - a +9 quarterstaff of speed (weapon)
Missiles
 c - 5 throwing nets
Armour
 b - a +2 pair of boots of stealth (worn)
 j - a +0 pair of gloves (worn)
 k - a +1 cloak (worn)
 l - the +10 tower shield of Ignorance (worn) {rN+ Int-4}
   (You bought it in a shop in the Dungeon)

   Int:       It affects your intelligence (-4).
   rN:        It protects you from negative energy.
 v - a +1 plate armour of positive energy (worn)
Jewellery
 m - a +2 ring of protection (left hand)
 n - the amulet "Anyjupha" (around neck) {Acrobat rPois rN+}
   (You bought it in a shop in the Dungeon)

   [amulet of the acrobat]

   It increases your evasion while moving and waiting.
   rPois:     It protects you from poison.
   rN:        It protects you from negative energy.
 s - a ring of protection from cold
 t - a ring of protection from fire (right hand)
Wands
 i - a wand of iceblast (8)
Scrolls
 h - 2 scrolls of amnesia
 o - 2 scrolls of fog
 r - a scroll of identify
 u - 2 scrolls of enchant weapon
Potions
 d - a potion of resistance
 e - 8 potions of curing
 f - 2 potions of might
 g - 4 potions of magic
 q - a potion of brilliance {unknown}


   Skills:
 + Level 26.4 Fighting
 - Level 14.0 Staves
 + Level 26.4 Armour
 - Level 9.2 Dodging
 + Level 25.2 Shields


You had 14 spell levels left.
You didn't know any spells.
Your spell library was empty.

Dungeon Overview and Level Annotations

Branches:
Dungeon (1/1)

Altars:
Cheibriados
Dithmenos
Elyvilon
Fedhas
Gozag
Hepliaklqana
Kikubaaqudgha
Makhleb
Nemelex Xobeh
Okawaru
Qazlal
Ru
Sif Muna
Trog
Uskayaw
Vehumet
Wu Jian
Xom
Yredelemnul
Zin
The Shining One
Beogh
Jiyva
Lugonu

Shops:
D [=*::**[[(

Annotations:
D Asmodeus, Sojobo


Innate Abilities, Weirdness & Mutations

You cannot be hasted, slowed, berserked, paralysed or teleported.
You can dig through walls and to a lower floor.
You have a pair of large antennae on your head. (SInv)
Your four strong arms can wield two-handed weapons with a shield.


Message History

You block the air elemental's attack. Sojobo casts a spell at you.
The bolt of lightning hits the air elemental.
The air elemental completely resists.
The bolt of lightning hits you!!
* * * LOW HITPOINT WARNING * * *
You barely miss the air elemental.
The air elemental is severely damaged.
The air elemental hits you but does no damage.
You closely miss the air elemental.
The air elemental is severely damaged.
The air elemental fires a burst of electricity at you.
The stunning burst hits you but does no damage.
Your stasis prevents you from being paralysed.
A brief shower of sparks shoots from Sojobo's claws.
The air elemental fires a burst of electricity at you.
The stunning burst hits you but does no damage.
Your stasis prevents you from being paralysed.
You hit the air elemental.
The air elemental is almost destroyed.
You bludgeon the deep elf master archer!!
The deep elf master archer is moderately wounded.
The air crackles briefly around Sojobo.
You sock the deep elf master archer!
The deep elf master archer is heavily wounded.
You sock the deep elf master archer!
The deep elf master archer is severely wounded.
You closely miss the deep elf master archer.
The deep elf master archer is severely wounded.
You bludgeon the deep elf master archer!!
You kill the deep elf master archer!
You closely miss the air elemental.
The air elemental is almost destroyed.
You block the air elemental's attack.
You bludgeon the air elemental!!
You destroy the air elemental!
The air elemental disappears in a puff of smoke!
Sojobo casts a spell at you. The bolt of lightning hits you!!
You die...
Your body crumbles into a pile of gold.

▓▓▓▓▓▓▓▓▓▓▓▓▓▓▓▓▓▓▓▓
...▓...▓...▓...▓.Q{▓
.▓.▓.▓.▓.▓.▓.▓.▓§▓.▓
'▓.▓.▓.▓.▓.▓.▓.▓@▓{▓
.▓.▓.▓.▓.▓.▓.▓.▓.▓.▓
.▓.▓'▓.▓.▓.▓.▓.▓.▓.▓
.▓.▓.▓.▓.▓.▓.▓.▓.▓.▓
.▓.▓.▓.▓.▓.▓.▓.▓.▓.▓
)▓.▓[▓.▓.▓.▓.▓.▓.▓.▓
.▓.▓[▓.▓.▓.▓.▓.▓.▓{▓
)▓.▓[▓.▓'▓.▓'▓.▓.▓.▓
{
.▓.▓[▓.▓.▓.▓.▓.▓.▓.▓


You could see Sojobo (repels missiles).

Vanquished Creatures
  Saint Roka (D)
  A lich (D)
  A deep elf master archer (D)
  3 sphinxes (D)
  2 frost giants (D)
  3 fire giants (D)
  An emperor scorpion (D)
  A vault warden (D)
  A ghost moth (D)
  3 very ugly things (D)
  2 stone giants (D)
  2 ironbound preservers (D)
  An ironbound thunderhulk (D)
  An eleionoma (D)
  2 entropy weavers (D)
  Azrael (D)
  A spark wasp (D)
  2 ettins (D)
  2 fire dragons (D)
  A merfolk impaler (D)
  2 peacekeepers (D)
  A hydra (D)
  Erolcha (D)
  Harold (D)
  3 ice dragons (D)
  2 ironbound frosthearts (D)
  A merfolk avatar (D)
  A two-headed ogre (D)
  2 centaur warriors (D)
  2 jorogumos (D)
  An alligator snapping turtle (D)
  A naga warrior (D)
  2 tengu warriors (D)
  5 death yaks (D)
  5 orc high priests (D)
  A vampire mage (D)
  A naga sharpshooter (D)
  2 spriggan berserkers (D)
  A hell knight (D)
  2 goliath frogs (D)
  A sun moth (D)
  A spriggan druid (D)
  A wizard (D)
  An ironbound convoker (D)
  A necromancer (D)
  A lindwurm (D)
  4 ugly things (D)
  An orc knight (D)
  A deep elf pyromancer (D)
  3 manticores (D)
  A guardian serpent (D)
  2 naga magi (D)
  2 vault sentinels (D)
  2 black mambas (D)
  A torpor snail (D)
  3 komodo dragons (D)
  2 cane toads (D)
  A rime drake (D)
  A meliai (D)
  2 trolls (D)
  2 hornets (D)
  2 merfolk (D)
  2 tyrant leeches (D)
  A wind drake (D)
  A hornet (shapeshifter) (D)
  2 blink frogs (D)
  4 slime creatures (D)
  A dream sheep (D)
  2 spriggans (D)
  2 culicivoras (D)
  A wyvern (D)
  A water elemental (D)
  A wraith (D)
  2 fire elementals (D)
  5 yaks (D)
  2 basilisks (D)
  A vampire mosquito (D)
  A warg (shapeshifter) (D)
  2 nagas (D)
  A water moccasin (D)
  2 hell hounds (D)
  A swamp drake (D)
  16 orc warriors (D)
  A black bear (D)
  A wolf (D)
  3 bullfrogs (D)
  A scorpion (D)
  A wight (D)
  14 orc priests (D)
  3 orc wizards (D)
  A gnoll (D)
  A dart slug (D)
  7 orcs (D)
  An endoplasm (D)
  A goblin (D)
  A kobold (D)
  A quokka (D)
  A frilled lizard (D)
194 creatures vanquished.

Notes
Turn   | Place    | Note
-------+----------+-------------------------------------------
     0 | D        | wilfster70 the Formicid Fighter began the quest for the
                  | Orb.
     0 | D        | Reached XP level 1. HP: 18/18 MP: 1/1
    12 | D        | Reached XP level 2. HP: 24/25 MP: 2/2
    23 | D        | Noticed a black bear
    23 | D        | Noticed a scorpion
    33 | D        | Killed a scorpion
    34 | D        | Reached skill level 5 in Fighting
    34 | D        | Reached skill level 5 in Staves
    34 | D        | Reached skill level 5 in Armour
    34 | D        | Reached XP level 3. HP: 28/33 MP: 3/3
    34 | D        | Reached XP level 4. HP: 33/39 MP: 4/4
    42 | D        | Killed a black bear
    43 | D        | Reached XP level 5. HP: 31/47 MP: 5/5
   154 | D        | Found a snail-covered altar of Cheibriados.
   154 | D        | Found a shadowy altar of Dithmenos.
   154 | D        | Found a white marble altar of Elyvilon.
   154 | D        | Found a blossoming altar of Fedhas.
   154 | D        | Found an opulent altar of Gozag.
   155 | D        | Found a hazy altar of Hepliaklqana.
   156 | D        | Found a viscous altar of Jiyva.
   157 | D        | Found an ancient bone altar of Kikubaaqudgha.
   158 | D        | Found a corrupted altar of Lugonu.
   159 | D        | Found a burning altar of Makhleb.
   160 | D        | Found a sparkling altar of Nemelex Xobeh.
   161 | D        | Found an iron altar of Okawaru.
   162 | D        | Became a worshipper of Gozag Ym Sagoz the Greedy
   163 | D        | Found a stormy altar of Qazlal.
   164 | D        | Found a sacrificial altar of Ru.
   165 | D        | Found a shimmering blue altar of Sif Muna.
   166 | D        | Found a bloodstained altar of Trog.
   167 | D        | Found a hide-covered altar of Uskayaw.
   168 | D        | Found a radiant altar of Vehumet.
   169 | D        | Found an ornate altar of the Wu Jian Council.
   170 | D        | Found a shimmering altar of Xom.
   171 | D        | Found a basalt altar of Yredelemnul.
   172 | D        | Found a glowing silver altar of Zin.
   173 | D        | Found a glowing golden altar of the Shining One.
   216 | D        | Noticed a troll
   216 | D        | Noticed a troll
   216 | D        | Noticed an orc warrior
   216 | D        | Noticed a two-headed ogre
   216 | D        | Noticed a wraith
   222 | D        | Killed a wraith
   223 | D        | Reached XP level 6. HP: 50/56 MP: 6/6
   229 | D        | Killed a two-headed ogre
   230 | D        | Reached skill level 10 in Fighting
   230 | D        | Reached skill level 10 in Armour
   230 | D        | Reached XP level 7. HP: 30/66 MP: 7/7
   230 | D        | Reached XP level 8. HP: 32/72 MP: 8/8
   255 | D        | Killed a troll
   264 | D        | Killed a troll
   265 | D        | Reached XP level 9. HP: 26/79 MP: 9/9
   534 | D        | Noticed a manticore
   534 | D        | Noticed a meliai
   534 | D        | Noticed a red ugly thing
   534 | D        | Noticed a deep elf pyromancer
   543 | D        | Killed a deep elf pyromancer
   563 | D        | Killed a red ugly thing
   569 | D        | Killed a meliai
   585 | D        | Reached XP level 10. HP: 31/92 MP: 10/10
   592 | D        | Killed a manticore
   997 | D        | Noticed a komodo dragon
   997 | D        | Noticed a rime drake
  1004 | D        | Killed a rime drake
  1005 | D        | Reached skill level 1 in Dodging
  1008 | D        | Noticed a komodo dragon
  1024 | D        | Killed a komodo dragon
  1038 | D        | Killed a komodo dragon
  1039 | D        | Reached skill level 15 in Fighting
  1039 | D        | Reached skill level 15 in Armour
  1045 | D        | Reached skill level 5 in Dodging
  1059 | D        | Bought the amulet "Anyjupha" {Acrobat rPois rN+} for 544
                  | gold pieces
  1113 | D        | Noticed a cane toad
  1113 | D        | Noticed a cane toad
  1113 | D        | Noticed a komodo dragon
  1126 | D        | Killed a komodo dragon
  1130 | D        | Killed a cane toad
  1146 | D        | Killed a cane toad
  1147 | D        | Reached XP level 11. HP: 74/104 MP: 11/11
  1315 | D        | Noticed a death yak
  1315 | D        | Noticed a death yak
  1315 | D        | Noticed a death yak
  1315 | D        | Noticed a death yak
  1319 | D        | Noticed a death yak
  1332 | D        | Killed a death yak
  1342 | D        | Killed a death yak
  1351 | D        | Killed a death yak
  1360 | D        | Killed a death yak
  1368 | D        | Killed a death yak
  1708 | D        | Bought the +10 tower shield of Ignorance {rN+ Int-4} for
                  | 2005 gold pieces
  1708 | D        | Found the +10 tower shield of Ignorance {rN+ Int-4}
  1784 | D        | Noticed Harold
  1800 | D        | Killed Harold
  1801 | D        | Reached skill level 5 in Shields
  1843 | D        | Noticed an orc high priest
  1878 | D        | Killed an orc high priest
  2041 | D        | Reached XP level 12. HP: 61/116 MP: 12/12
  2458 | D        | Bought a potion of heal wounds for 75 gold pieces
  2523 | D        | Found Foilixoi's Assorted Antiques.
  2523 | D        | Noticed an orc high priest
  2531 | D        | Found Vela Gysm's Book Shop.
  2533 | D        | Noticed an orc high priest
  2535 | D        | Noticed an orc high priest
  2539 | D        | Killed an orc high priest
  2541 | D        | Found Qevag's Book Boutique.
  2545 | D        | Killed an orc high priest
  2552 | D        | Killed an orc high priest
  2553 | D        | Reached skill level 10 in Shields
  2553 | D        | Found Yfudghynn's Assorted Antiques.
  2577 | D        | Noticed an orc high priest
  2590 | D        | Killed an orc high priest
  2637 | D        | Bought a scroll labelled COAQYI VAAGIL for 28 gold pieces
  2637 | D        | Bought a scroll of enchant weapon for 210 gold pieces
  2637 | D        | Bought a potion of heal wounds for 140 gold pieces
  2991 | D        | Noticed a fire dragon
  2991 | D        | Noticed a tengu warrior
  2998 | D        | Killed a tengu warrior
  3005 | D        | Noticed a fire giant
  3012 | D        | Noticed a fire dragon
  3013 | D        | Noticed a lich
  3031 | D        | Killed a fire dragon
  3040 | D        | Noticed a stone giant
  3055 | D        | Noticed a fire giant
  3058 | D        | Killed a fire giant
  3068 | D        | Killed a lich
  3069 | D        | Reached XP level 13. HP: 54/127 MP: 13/13
  3083 | D        | Killed a fire dragon
  3093 | D        | Killed a stone giant
  3108 | D        | Killed a fire giant
  3148 | D        | Reached skill level 15 in Shields
  3505 | D        | Noticed Erolcha
  3512 | D        | Killed Erolcha
  3571 | D        | Noticed a jorogumo
  3571 | D        | Noticed an entropy weaver
  3571 | D        | Noticed a jorogumo
  3718 | D        | Killed a jorogumo
  3753 | D        | Killed an entropy weaver
  3760 | D        | Noticed an entropy weaver
  3789 | D        | Killed a jorogumo
  3821 | D        | Killed an entropy weaver
  4115 | D        | Noticed an emperor scorpion
  4145 | D        | Killed an emperor scorpion
  4276 | D        | Noticed a six-headed hydra
  4276 | D        | Noticed an eleionoma
  4293 | D        | Killed an eleionoma
  4323 | D        | Killed a six-headed hydra
  4355 | D        | Reached XP level 14. HP: 79/140 MP: 14/14
  4428 | D        | Noticed a ghost moth
  4443 | D        | Killed a ghost moth
  4710 | D        | Bought a runed plate armour for 1066 gold pieces
  5107 | D        | Noticed Saint Roka
  5150 | D        | Killed Saint Roka
  5324 | D        | Noticed Azrael
  5336 | D        | Killed Azrael
  5492 | D        | Noticed a spark wasp
  5492 | D        | Noticed a red very ugly thing
  5518 | D        | Noticed a red very ugly thing
  5527 | D        | Killed a red very ugly thing
  5528 | D        | Noticed a frost giant
  5542 | D        | Noticed a stone giant
  5554 | D        | Noticed a green very ugly thing
  5559 | D        | Killed a red very ugly thing
  5576 | D        | Noticed a frost giant
  5579 | D        | Killed a spark wasp
  5591 | D        | Killed a frost giant
  5606 | D        | Killed a stone giant
  5611 | D        | Noticed a fire giant
  5615 | D        | Killed a green very ugly thing
  5638 | D        | Killed a frost giant
  5639 | D        | Reached XP level 15. HP: 23/153 MP: 15/15
  5651 | D        | Killed a fire giant
  6067 | D        | Noticed a sphinx
  6067 | D        | Noticed an ironbound preserver
  6067 | D        | Noticed an ironbound preserver
  6085 | D        | Noticed a vault warden
  6092 | D        | Killed an ironbound preserver
  6099 | D        | Killed an ironbound preserver
  6111 | D        | Killed a sphinx
  6115 | D        | Noticed a sphinx
  6128 | D        | Killed a vault warden
  6176 | D        | Killed a sphinx
  6564 | D        | Noticed a sphinx
  6578 | D        | Killed a sphinx
  6605 | D        | Found the +7 sceptre of Asmodeus
  6605 | D        | Noticed Asmodeus
  6605 | D        | Noticed a deep elf master archer
  6605 | D        | Noticed Sojobo
  6605 | D        | Noticed an Orb Guardian
  6714 | D        | Killed a deep elf master archer
  6716 | D        | Killed from afar by Sojobo

Illustrated notes

Levels and vault maps discovered:
D:        linesprint [early_d, line_temple, items_1, d_10, items_2, lair_1,
          lair_end, items_3, orc_1, orc_end, items_4, d_15, swamp_1, shoals_1,
          snake_1, spider_1, d_20, vaults_1, items_5, swamp_end, shoals_end,
          snake_end, spider_end, vaults_end, d_27, items_6, zot_1, zot_end,
          crypt_end, forest_end, elf_end, slime_end, tomb_end, abyss_end,
          pan_hell_end]

Skill      XL: |  1  2  3  4  5  6  7  8  9 10 11 12 13 14 15 |
---------------+----------------------------------------------+-----
Staves         | 3 5 7 9 12 13 14 | 14.0
Fighting       | 5 6 7 10 13 15 17 19 22 24 26 | 26.4
Armour         | 5 6 7 10 13 15 17 19 22 24 26 | 26.4
Dodging        | 6 9 |  9.2
Shields        | 6 13 18 22 25 | 25.2

Action                   |  1- 3 |  4- 6 |  7- 9 | 10-12 | 13-15 || total
-------------------------+-------+-------+-------+-------+-------++-------
Melee: Quarterstaff      |    16 |    22 |    80 |   378 |   845 ||  1341
Invok: Call Merchant     |       |       |       |     3 |     3 ||     6
       Potion Petition   |       |       |       |     1 |     7 ||     8
Evoke: Wand              |       |       |       |       |     2 ||     2
  Use: Potion            |     1 |       |     4 |       |     4 ||     9
       Scroll            |       |       |       |     6 |       ||     6
 Stab: Invisible         |       |       |     5 |       |     5 ||    10
       Distracted        |       |       |       |     1 |     8 ||     9
Armor: Scale mail        |     4 |     2 |    16 |    26 |       ||    48
       Plate armour      |       |       |       |    17 |    98 ||   115
Dodge: Dodged            |     7 |     7 |    18 |    41 |    79 ||   152
Block: Buckler           |     4 |     2 |    12 |    10 |       ||    28
       Tower shield      |       |       |       |   125 |   512 ||   637

Table legend: (Time is in decaauts)
 A = Elapsed time spent in this place.
 B = Non-inter-level travel time spent in this place.
 C = Inter-level travel time spent in this place.
 D = Time resting spent in this place.
 E = Time spent auto-exploring this place.
 F = Levels seen in this place.
 G = Mean time per level.
                   A        B        C        D        E       F      G
               +--------+--------+--------+--------+--------+-----+--------+
         Total |   6063 |   6063 |      0 |   3442 |    122 |   1 | 6063.0 |
       Dungeon |   6063 |   6063 |      0 |   3442 |    122 |   1 | 6063.0 |
               +--------+--------+--------+--------+--------+-----+--------+

Top non-repeatable levels by time:
       D: 6063 daAuts
